 Dungeon Crawl Stone Soup version bcrawl-1.14 (webtiles) character file.

Game seed: 14254934396092618140

38574 MisterOstroum the Covert (level 13, 0/63 HPs)
             Began as a Spriggan Enchanter on Sept 11, 2019.
             Was an Elder of Lugonu.
             Shot with an arrow by a naga sharpshooter (22 damage)
             ... on level 1 of the Snake Pit.
             The game lasted 01:18:46 (20372 turns).

MisterOstroum the Covert (Spriggan Enchanter)      Turns: 20372, Time: 01:18:47

Health: 0/63       AC:  5    Str:  8    XL:     13   Next: 64%
Magic:  26/26      EV: 36    Int: 21    God:    Lugonu [****..]
Gold:   722        SH: 13    Dex: 22    Spells: 12/29 levels left

rFire    x . .     SeeInvis +   y - +6 short sword of Traps {distort, rPois rF- Str+4 Stlth+}
rCold    . . .     Gourm    .   I - +1 buckler {reflect}
rNeg     . . .     Faith    .   x - +1 troll leather armour
rPois    +         Spirit   .   (helmet restricted)
rElec    +         Reflect  +   (no cloak)
rCorr    .         Harm     .   (gloves unavailable)
MR       ++...                  (boots unavailable)
Stlth    ++++++++..             J - +4 amulet of reflection
HPRegen  0.60/turn              U - ring of insulation
MPRegen  0.20/turn              (no ring)

@: agile, very quick
A: very small, unfitting armour, see invisible, herbivore, speed 3, slow
metabolism 2
a: Depart the Abyss, Bend Space, Banish, Corrupt, Renounce Religion


You were on level 1 of the Snake Pit.
You worshipped Lugonu.
Lugonu was greatly pleased with you.
You were not hungry.

You visited 3 branches of the dungeon, and saw 17 of its levels.
You also visited: Sewer.

You collected 986 gold pieces.
You spent 264 gold pieces at shops.

Inventory:

Hand Weapons
 a - a +2 dagger of distortion
 b - a +0 blowgun
 k - a +3 rapier of holy wrath
 t - a +0 hunting sling
 w - a +3 dagger of draining
 y - the +6 short sword of Traps (weapon) {distort, rPois rF- Str+4 Stlth+}
   (You found it on level 5 of the Dungeon)

   It warps and distorts space around it.
   Unwielding it can cause banishment or high damage.
   It affects your strength (+4).
   It makes you vulnerable to fire.
   It protects you from poison.
   It makes you more stealthy.
Missiles
 h - 3104 stones
 q - 2 throwing nets {!f!f}
 r - 539 poisoned needles
 u - 379 tomahawks (quivered)
 C - 9 tomahawks of dispersal
 O - 18 curare-tipped needles
 Y - 270 poisoned tomahawks
Armour
 x - a +1 troll leather armour (worn)
 I - a +1 buckler of reflection (worn)
Jewellery
 J - a +4 amulet of reflection (around neck)
 T - an uncursed amulet of magic regeneration
 U - a ring of insulation (left hand)
Wands
 D - a wand of enslavement (16)
 E - a wand of paralysis (12)
 L - a wand of acid (16)
 M - a wand of clouds (5)
 P - a wand of flame (16)
 R - a wand of digging (7)
 S - a wand of iceblast (9)
Scrolls
 c - 4 scrolls of remove curse {@r2}
 d - 3 scrolls of fog {!r}
 j - 4 scrolls of enchant weapon
 l - a scroll of magic mapping {@r5 !r}
 o - 2 scrolls of immolation
 z - a scroll of enchant armour
 A - 3 scrolls of blinking {@r4}
 B - 5 scrolls of amnesia
 H - 2 scrolls of noise
 N - 5 scrolls of teleportation {@r3 !r}
 Q - 2 scrolls of identify {@r1}
Potions
 f - 7 potions of brilliance
 g - 5 potions of agility {@q5 !q}
 i - a potion of heal wounds {@q2 !q}
 m - 6 potions of flight
 n - a potion of mutation
 p - 11 potions of curing {@q1 !q}
 s - 4 potions of haste {@q4 !q}
 v - a potion of magic
 F - 3 potions of lignification {@q6}
 G - 4 potions of might {@q3 !q}
 V - a potion of resistance
 W - a potion of invisibility
 X - a potion of cancellation
Miscellaneous
 K - a sack of spiders
Comestibles
 e - 19 rations {!d}


   Skills:
 - Level 5.0 Fighting
 - Level 8.1 Short Blades
 + Level 13.6 Dodging
 + Level 14.8 Stealth
 + Level 4.2 Shields
 + Level 8.6 Spellcasting
 + Level 12.7 Hexes
 - Level 5.0 Translocations
 - Level 3.0 Ice Magic
 + Level 3.3 Air Magic
 - Level 8.1 Invocations
 - Level 5.0 Evocations


You had 12 spell levels left.
You knew the following spells:

 Your Spells              Type           Power        Failure   Level  Hunger
a - Corona                Hex            ######.      1%          1    None
b - Ensorcelled Hibernat  Hex/Ice        #####.       1%          2    None
c - Confuse               Hex            ######..     1%          3    None
d - Tukima's Dance        Hex            ######..     1%          3    None
e - Slow                  Hex            ######..     1%          1    None
f - Blink                 Tloc           N/A          2%          2    None
g - Summon Lightning Spi  Summ/Air       ###.....     88%         5    #####..

Your spell library contained the following spells:

 Spells                   Type           Power        Failure   Level  Hunger
 Dazzling Spray           Conj/Hex       #####.       3%          3    None
 Magic Dart               Conj           #...         14%         1    None
 Summon Small Mammal      Summ           #...         14%         1    None
 Call Imp                 Summ           #.......     21%         2    None
 Mephitic Cloud           Conj/Pois/Air  ##......     26%         3    None
 Call Canine Familiar     Summ           #.......     38%         3    None
 Conjure Flame            Conj/Fire      #.......     38%         3    None
 Summon Ice Beast         Ice/Summ       ###.....     56%         4    ###....


Dungeon Overview and Level Annotations

Branches:
Dungeon (9/12)             Temple (0/1) D:7            Lair (5/6) D:8
 Shoals (0/3) Lair:4        Snake (3/3) Lair:2        Slime (0/5) Lair:5
    Orc: D:8-11

Altars:
Ashenzari
Dithmenos
Lugonu
Makhleb
Wu Jian
Xom

Shops:
D:7 (   Snake:2 !

Annotations:
D:3 !phantom
Lair:1 exclusions: 2 doors, oklob plant and 3 more exclusions
Lair:4 !, exclusions: 2 doors and 1 more exclusion, Mulqof's ghost, journeyman VSAc
Snake:1 exclusion: Roxanne, Aizul; Roxanne
Snake:2 exclusion: door
Abyss:1 Rupert


Innate Abilities, Weirdness & Mutations

You are very small and have problems with some larger weapons.
You are too small for most types of armour.
You have supernaturally acute eyesight. (SInv)
You are a herbivore.
You cover ground extremely quickly.
You need to consume almost no food.


Message History

The arrow hits the naga sharpshooter!
The naga sharpshooter shoots an arrow.
The arrow completely misses you.
The naga sharpshooter shoots an arrow.
The arrow hits you!!
The naga sharpshooter shoots an arrow.
The arrow completely misses you.
The naga sharpshooter casts a spell.
The naga sharpshooter magically shoots an arrow.
The arrow hits you!
* * * LOW HITPOINT WARNING * * *
Really quaff
i - 3 potions of heal wounds {@q2 !q}?
You feel much better.
Really quaff
g - 6 potions of agility {@q5 !q}?
You feel agile all of a sudden. You block the black mamba's attack.
Aizul casts a spell at you.
The bolt of poison hits the black mamba.
The bolt of poison hits you! You resist. You block the black mamba's attack.
You closely miss the black mamba.
The black mamba is severely wounded.
You block the black mamba's attack.
You hit the black mamba.
The black mamba is severely wounded.
The black mamba blinks!
Casting: Ensorcelled Hibernation (safe; 1% risk of failure)
Confirm with . or Enter, or press ? or * to list all spells.
Aiming: Ensorcelled Hibernation (safe; 1% risk of failure)
Press: ? - help, Shift-Dir - straight line, f - Aizul, p - black mamba
Aim: Aizul (translocational energy, chance to defeat MR: 2%)
Okay, then.
Unknown command.
Really quaff
i - 2 potions of heal wounds {@q2 !q}?
You feel much better. Aizul casts a spell at you.
The bolt of poison misses you. Aizul hits you but does no damage.
You hit Aizul.
Aizul is lightly wounded.
You block Aizul's attack.
You closely miss Aizul. You block Aizul's attack.
You hit Aizul.
Space bends around Aizul.
Aizul is lightly wounded.
You block Aizul's attack. The black mamba misses you.
A mana viper comes into view.
The mana viper hisses angrily.
You hit the black mamba.
The black mamba looks slightly unstable.
The black mamba is almost dead.
A black mamba comes into view.
Aizul misses you. The black mamba completely misses you.
A black mamba comes into view.
The black mamba hisses angrily.
You hit the black mamba.
You kill the black mamba!
Lugonu accepts your kill. Aizul completely misses you.
Aizul completely misses you.
You see here a black mamba corpse.
Okay, then.
Really read
N - 6 scrolls of teleportation {@r3 !r}?
As you read the scroll of teleportation {@r3 !r}, it crumbles to dust.
You feel strangely unstable. Aizul completely misses you.
The naga sharpshooter casts a spell.
The naga sharpshooter magically shoots an arrow.
The arrow hits you!
The naga sharpshooter casts a spell.
The naga sharpshooter magically shoots an arrow.
The arrow hits you.
The naga sharpshooter shoots an arrow.
You reflect the arrow off your +1 buckler of reflection!
The arrow hits the naga sharpshooter!
Aizul misses you.
You barely miss the naga sharpshooter.
The naga sharpshooter is severely wounded.
You block the black mamba's attack. Aizul completely misses you.
A naga ritualist comes into view. It is wielding a +0 scimitar of venom.
The naga ritualist shouts!
You hit the naga sharpshooter.
The naga sharpshooter looks slightly unstable.
The naga sharpshooter is severely wounded.
You hear an angry hiss.
You block the black mamba's attack.
The naga sharpshooter spits poison at you.
The splash of poison misses you.
The splash of poison hits the black mamba.
Aizul coils herself and waves her upper body at you.
You resist with some effort.
You hit the naga sharpshooter.
Space warps horribly around the naga sharpshooter!!
You kill the naga sharpshooter!
Lugonu accepts your kill. Aizul hits you!! You block the mana viper's attack.
A mana viper comes into view.
Your surroundings suddenly seem different.
A naga sharpshooter comes into view. It is wielding a +1 flail of crushing.
The mana viper moves out of view.
The black mamba hisses angrily.
The mana viper hisses angrily.
The anaconda hisses angrily.
The naga sharpshooter shouts!
The naga sharpshooter unwields a +1 flail of crushing.
The naga sharpshooter wields a +0 shortbow.
The naga sharpshooter casts a spell.
The naga sharpshooter magically shoots an arrow.
The arrow hits you!!
You die...

###.....#...S....NN.
#.#.#.###...........S.#
#.#.###......### ...
##...#......##..# .#.
#...#.#...###..#### #N.
#..###....#....##..###..
#.>.#........##.###.....
###..#..........##.###.[..
#...##...@#.....N...##.S..
#...##.S..#....N....#..S..
#......S.##..#......##.SS.
##........##..##......##.N.
#.#N..S...##...#.........#.
##.#........##......##.N##.#
#..#...N♣♣.≈♣#..#.#.....#...
#.....).♣P≈♣♣♣..###.....#...
##...#.♣♣P≈♣♣...# ###....N..


You could see a naga sharpshooter, an anaconda, a naga ritualist (wandering), a
mana viper and a black mamba.

Vanquished Creatures
  A nagaraja (Snake:2)
  Josephine (Lair:4)
  2 hydras
  3 anacondas
  2 naga sharpshooters (Snake:1)
  Sonja (Lair:3)
  2 shock serpents (Snake:2)
  2 naga ritualists
  4 mana vipers
  2 salamanders
  3 guardian serpents
  10 black mambas
  3 naga magi
  10 cane toads
  6 komodo dragons
  5 rime drakes
  2 trolls
  A hornet (Lair:4)
  5 polar bears
  3 hippogriffs
  18 yaks
  2 wyverns
  5 wraiths
  A basilisk (Lair:1)
  9 nagas
  4 water moccasins
  8 porcupines
  3 sky beasts
  2 orc warriors
  An ice beast (D:7)
  2 phantoms
  3 black bears
  3 centaurs
  3 ogres
  12 crocodiles
  5 big kobolds
  13 bullfrogs
  Blork the orc (D:5)
  A wyvern zombie (D:8)
  5 scorpions
  3 killer bees (D:7)
  3 howler monkeys
  2 crimson imps
  A bullfrog zombie (D:5)
  4 jellies (Lair:5)
  2 orc priests (D:6)
  3 orc wizards
  Jessica (D:3)
  A bullfrog skeleton (D:4)
  4 iguanas
  7 worker ants
  A killer bee zombie (D:7)
  Robin (D:4)
  A worker ant zombie (D:7)
  A howler monkey skeleton (D:8)
  6 adders
  4 oozes
  3 adder zombies
  An adder skeleton (D:7)
  2 worms
  5 dart slugs
  8 leopard geckos
  27 orcs
  8 bats
  5 giant cockroaches
  10 goblins
  9 hobgoblins
  9 jackals
  4 quokkas
  3 ball pythons
  6 frilled lizards
  25 kobolds
  A leopard gecko skeleton (D:4)
  3 rats
343 creatures vanquished.

Vanquished Creatures (collateral kills)
  A merfolk siren (Lair:4)
  A merfolk (Lair:4)
  An orc warrior (D:8)
  4 orcs
7 creatures vanquished.

Vanquished Creatures (others)
  A centaur warrior (D:9)
  2 naga sharpshooters (Snake:2)
  A komodo dragon (Lair:5)
  3 dancing weapons (Snake:3)
  2 fungi
  6 plants
15 creatures vanquished.

Grand Total: 365 creatures vanquished

Notes
Turn   | Place    | Note
-------+----------+-------------------------------------------
     0 | D:1      | MisterOstroum the Spriggan Enchanter began the quest for
                  | the Orb.
     0 | D:1      | Reached XP level 1. HP: 9/9 MP: 5/5
    41 | D:1      | Reached skill level 5 in Stealth
   100 | D:1      | Reached XP level 2. HP: 14/14 MP: 6/6
   114 | D:1      | Learned a level 2 spell: Ensorcelled Hibernation
   450 | D:1      | Reached skill level 1 in Fighting
  1109 | D:2      | Reached XP level 3. HP: 16/18 MP: 5/8
  1175 | D:2      | Reached skill level 1 in Ice Magic
  1573 | D:2      | Reached XP level 4. HP: 22/22 MP: 9/9
  1987 | D:3      | Found a shattered altar of Ashenzari.
  2041 | D:3      | Found a corrupted altar of Lugonu.
  2063 | D:3      | Became a worshipper of Lugonu the Unformed
  2063 | D:3      | Reached * piety under Lugonu
  2709 | D:3      | Noticed Jessica
  2712 | D:3      | Killed Jessica
  2712 | D:3      | Reached XP level 5. HP: 24/25 MP: 5/11
  3749 | D:4      | Found a glowing drain.
  3749 | D:4      | Noticed a phantom
  3754 | D:4      | Noticed a phantom
  3756 | D:4      | Reached ** piety under Lugonu
  3771 | Sewer    | Entered a sewer
  3933 | Sewer    | Reached XP level 6. HP: 22/30 MP: 2/14
  4015 | Sewer    | Reached skill level 5 in Spellcasting
  4197 | Sewer    | Learned a level 3 spell: Confuse
  4201 | Sewer    | Learned a level 3 spell: Tukima's Dance
  4281 | Sewer    | Reached skill level 6 in Stealth
  4604 | D:4      | Noticed a sky beast
  4620 | D:4      | Killed a sky beast
  4655 | D:4      | Found a shadowy altar of Dithmenos.
  4676 | D:4      | Reached XP level 7. HP: 34/34 MP: 10/16
  4835 | D:4      | Noticed Robin
  4887 | D:3      | Reached *** piety under Lugonu
  4887 | D:3      | Reached skill level 5 in Hexes
  5162 | D:4      | Reached skill level 1 in Invocations
  5798 | D:4      | Killed Robin
  5902 | D:5      | Entered Level 5 of the Dungeon
  5999 | D:5      | Found an ornate altar of the Wu Jian Council.
  6085 | D:5      | Got a shimmering short sword
  6443 | D:5      | Reached skill level 7 in Stealth
  6443 | D:5      | Reached XP level 8. HP: 16/39 MP: 8/17
  6910 | D:5      | Reached skill level 8 in Stealth
  7198 | D:5      | Noticed Blork the orc
  7202 | D:5      | Killed Blork the orc
  7249 | D:5      | Reached skill level 9 in Stealth
  7605 | D:6      | Noticed a troll
  7627 | D:6      | Killed a troll
  7627 | D:6      | Reached skill level 5 in Invocations
  7637 | D:6      | Reached skill level 5 in Dodging
  7637 | D:6      | Reached skill level 10 in Stealth
  8086 | D:6      | Reached XP level 9. HP: 42/42 MP: 9/18
  8459 | D:6      | Reached **** piety under Lugonu
  8932 | D:7      | Reached skill level 11 in Stealth
  8937 | D:7      | Found Siopalo's Weapon Boutique.
  9395 | D:7      | Found a staircase to the Ecumenical Temple.
  9785 | D:7      | Identified the +6 short sword of Traps {distort, rPois rF-
                  | Str+4 Stlth+} (You found it on level 5 of the Dungeon)
 10609 | D:8      | Received a gift from Lugonu
 10876 | D:8      | Reached skill level 5 in Short Blades
 10900 | D:8      | Reached XP level 10. HP: 46/46 MP: 23/23
 11630 | D:8      | Found a staircase to the Lair.
 11729 | D:9      | Found a shimmering altar of Xom.
 11734 | D:9      | Noticed a centaur warrior
 11735 | D:9      | Noticed a two-headed ogre
 11754 | D:9      | Banished a centaur warrior
 11909 | Lair:1   | Entered Level 1 of the Lair of Beasts
 11940 | Lair:1   | Noticed an oklob plant
 12017 | Lair:1   | Noticed a cane toad
 12017 | Lair:1   | Noticed a cane toad
 12031 | Lair:1   | Killed a cane toad
 12035 | Lair:1   | Killed a cane toad
 12076 | Lair:1   | Noticed a cane toad
 12083 | Lair:1   | Killed a cane toad
 12284 | Lair:1   | Noticed a cane toad
 12289 | Lair:1   | Killed a cane toad
 12289 | Lair:1   | Reached skill level 10 in Dodging
 12405 | Lair:1   | Reached XP level 11. HP: 52/52 MP: 24/24
 12915 | Lair:2   | Reached skill level 10 in Hexes
 12975 | Lair:2   | Noticed a four-headed hydra
 12994 | Lair:2   | Killed a four-headed hydra
 13501 | Lair:2   | Found a staircase to the Snake Pit.
 13508 | Lair:2   | Reached skill level 5 in Fighting
 13820 | Lair:3   | Noticed Sonja
 13849 | Lair:3   | Killed Sonja
 13942 | Lair:3   | Noticed a six-headed hydra
 14031 | Lair:3   | Killed a six-headed hydra
 14403 | Lair:3   | Reached XP level 12. HP: 60/60 MP: 20/25
 14853 | Lair:4   | Reached skill level 12 in Stealth
 14899 | Lair:4   | Noticed Rupert
 14910 | Lair:4   | Banished Rupert
 15208 | Lair:4   | Noticed Josephine
 15323 | Lair:4   | Found a runed translucent door.
 15324 | Lair:4   | Noticed Mulqof's ghost (journeyman VSAc)
 15788 | Lair:4   | Found a staircase to the Shoals.
 15867 | Lair:4   | Reached skill level 13 in Stealth
 16023 | Lair:4   | Reached skill level 1 in Evocations
 16062 | Lair:4   | Killed Josephine
 16378 | Lair:4   | Found a runed translucent door.
 16498 | Lair:4   | Found a staircase to the Shoals.
 16774 | Lair:5   | Found a staircase to the Slime Pits.
 16847 | Lair:5   | Reached skill level 5 in Evocations
 16976 | Lair:5   | Found a burning altar of Makhleb.
 17441 | Snake:1  | Entered Level 1 of the Snake Pit
 17488 | Snake:1  | Noticed an anaconda
 17763 | Snake:1  | Noticed Roxanne
 17820 | Snake:1  | Noticed a naga warrior
 18036 | Snake:2  | Reached XP level 13. HP: 63/63 MP: 26/26
 18040 | Snake:2  | Learned a level 1 spell: Slow
 18043 | Snake:2  | Learned a level 2 spell: Blink
 18049 | Snake:2  | Learned a level 5 spell: Summon Lightning Spire
 18173 | Snake:2  | Noticed a nagaraja
 18177 | Snake:2  | Killed a nagaraja
 18177 | Snake:2  | Reached skill level 14 in Stealth
 18376 | Snake:2  | Reached skill level 1 in Air Magic
 18803 | Snake:2  | Reached skill level 5 in Translocations
 19052 | Snake:2  | Found Vivyem's Distillery.
 19055 | Snake:2  | Bought a potion of curing for 36 gold pieces
 19055 | Snake:2  | Bought a potion of curing for 36 gold pieces
 19055 | Snake:2  | Bought a potion of invisibility for 96 gold pieces
 19055 | Snake:2  | Bought a potion of cancellation for 96 gold pieces
 19342 | Snake:3  | Entered Level 3 of the Snake Pit
 19358 | Snake:3  | Noticed a nagaraja
 19388 | Snake:3  | Received a gift from Lugonu
 20339 | Snake:1  | Noticed Aizul
 20372 | Snake:1  | Shot with an arrow by a naga sharpshooter

Skill      XL: |  1  2  3  4  5  6  7  8  9 10 11 12 13 |
---------------+----------------------------------------+-----
Stealth        | 5 6 7 10 11 13 14 | 14.8
Short Blades   | 2 3 4 5 6 8 |  8.1
Fighting       | 1 2 3 5 |  5.0
Hexes          | 4 5 7 9 10 12 | 12.7
Ice Magic      | 1 2 3 |  3.0
Spellcasting   | 3 4 5 8 |  8.6
Dodging        | 4 5 10 12 13 | 13.6
Invocations    | 3 5 7 8 |  8.1
Shields        | 3 4 |  4.2
Evocations     | 5 |  5.0
Translocations | 5 |  5.0
Air Magic      | 3 |  3.3

Action                   |  1- 3 |  4- 6 |  7- 9 | 10-12 | 13-15 || total
-------------------------+-------+-------+-------+-------+-------++-------
Melee: Dagger            |   104 |   198 |   276 |     4 |       ||   582
       Short sword       |       |       |    59 |   258 |   156 ||   473
 Fire: Hunting sling     |       |       |     6 |       |       ||     6
       Blowgun           |       |       |       |     5 |       ||     5
Throw: Stone             |       |     4 |    10 |    14 |       ||    28
       Tomahawk          |       |       |       |     2 |       ||     2
 Cast: Corona            |    10 |     9 |     1 |       |       ||    20
       Ensorcelled Hiber |     6 |    36 |    85 |    63 |    20 ||   210
       Confuse           |       |     1 |    30 |    67 |    12 ||   110
       Tukima's Dance    |       |       |     8 |     6 |    16 ||    30
       Slow              |       |       |       |       |     1 ||     1
Invok: Banish            |       |       |       |     4 |       ||     4
Evoke: Wand              |       |       |       |       |     2 ||     2
  Use: Scroll            |       |     4 |     6 |     7 |     4 ||    21
       Potion            |       |     2 |     2 |       |     4 ||     8
 Stab: Sleeping          |    12 |    38 |    50 |    80 |    15 ||   195
       Confused          |       |     1 |     9 |    18 |     7 ||    35
       Distracted        |       |       |     2 |     6 |     2 ||    10
  Eat: Ration            |       |     1 |     2 |     2 |     1 ||     6
Armor: Robe              |    14 |    20 |     8 |       |       ||    42
       Troll leather arm |       |       |       |     3 |     2 ||     5
Dodge: Dodged            |    87 |   164 |   249 |   106 |    89 ||   695
Block: Buckler           |       |       |       |    31 |    79 ||   110
       Reflection        |       |       |       |     3 |    14 ||    17
